 Dungeon Sprint DCSS version 0.20.1-1-g8b1a95d (webtiles) character file.

13036 wojtek the Shatterer (level 11, -11/116 HPs)
             Began as a Minotaur Fighter on Dec 27, 2017.
             Was the Champion of Trog.
             Mangled by a stone giant (12 damage)
             ... in the Dungeon (Sprint IX: "|||||||||||||||||||||||||||||").
             The game lasted 00:09:56 (3099 turns).

wojtek the Shatterer (Minotaur Fighter)             Turns: 3099, Time: 00:09:57

Health: -11/116    AC: 24    Str: 24    XL:     11   Next: 70%
Magic:  3/10       EV: 12    Int:  5    God:    Trog [******]
Gold:   1447       SH:  0    Dex: 10    Spells: 10/10 levels left

rFire    + . .     SeeInvis .   R - +1 demon whip (flame)
rCold    . . .     Gourm    .   (no shield)
rNeg     . . .     Faith    .   W - +0 storm dragon scales
rPois    .         Spirit   .   (helmet restricted)
rElec    +         Reflect  .   N - +0 cloak {+Inv}
rCorr    .         Harm     .   T - +1 pair of gloves
MR       +....     NoTele   +   S - +1 pair of boots
Stlth    ..........             (no amulet)
Regen    0.3/turn               O - ring of protection from fire
MPRegen  0.2/turn               q - ring of protection from magic

@: no status effects
A: retaliatory headbutt, horns 2
a: Berserk, Trog's Hand, Brothers in Arms, Burn Spellbooks, Renounce Religion,
Evoke Invisibility


You were in the Dungeon.
You worshipped Trog.
Trog was exalted by your worship.
You were not hungry.

You visited 1 branch You collected 1854 gold pieces.
You spent 407 gold pieces at shops.

Inventory:

Hand Weapons
 a - a +2 morningstar of draining
 b - a +0 flail
 l - a +3 morningstar of protection
 y - a +2 dire flail of crushing
 z - a +4 flail of venom
 E - a +0 great mace of crushing
 F - a +1 whip of freezing
 G - a +4 dire flail of crushing
 J - a +3 morningstar of crushing
 R - a +1 demon whip of flaming (weapon)
Missiles
 I - 5 poisoned tomahawks (quivered)
Armour
 c - a +0 shield
 s - a +1 chain mail
 B - the +3 leather armour of Charity {Dex+5}
   (You found it in the Dungeon)

   It affects your dexterity (+5).
 H - a +0 plate armour
 L - +0 shadow dragon scales
 M - a +0 pair of gloves
 N - a +0 cloak of invisibility (worn)
 S - a +1 pair of boots (worn)
 T - a +1 pair of gloves (worn)
 W - +0 storm dragon scales (worn)
Jewellery
 q - a ring of protection from magic (right hand)
 t - a +3 ring of dexterity
 u - a +2 ring of protection
 O - a ring of protection from fire (left hand)
 P - an uncursed ring of poison resistance
 Q - an uncursed ring of ice
Wands
 o - a wand of lightning (7/15)
 K - a wand of disintegration (16/24)
Scrolls
 k - 5 scrolls of blinking
 n - 4 scrolls of remove curse
 p - a scroll of identify
 v - 2 scrolls of recharging
 w - 2 scrolls of fear
 x - 2 scrolls of enchant weapon
 V - 2 scrolls of enchant armour
Potions
 d - 2 potions of might
 e - 5 potions of curing
 g - 11 potions of heal wounds
 h - 2 potions of haste
 i - 4 potions of magic
 j - 2 potions of berserk rage
 m - a potion of invisibility
 r - a potion of resistance
 U - a potion of agility
Comestibles
 f - 13 bread rations
 A - a royal jelly
 C - 40 fruits
 D - 11 meat rations


   Skills:
 + Level 16.6 Fighting
 * Level 22.0 Maces & Flails
 + Level 16.6 Armour
 + Level 8.0 Dodging
 - Level 3.6 Shields


You had 10 spell levels left.
You didn't know any spells.

Dungeon Overview and Level Annotations

Branches:
Dungeon (1/1)

Altars:
Cheibriados
Dithmenos
Elyvilon
Fedhas
Gozag
Hepliaklqana
Kikubaaqudgha
Makhleb
Nemelex Xobeh
Okawaru
Qazlal
Ru
Sif Muna
Trog
Uskayaw
Vehumet
Xom
Yredelemnul
Zin
The Shining One
Beogh
Jiyva
Lugonu

Shops:
D (}?[


Innate Abilities, Weirdness & Mutations

You reflexively headbutt those who attack you in melee.
You have a pair of horns on your head.


Message History

* * * LOW HITPOINT WARNING * * *
You whack the fire dragon!
You kill the fire dragon!
Trog accepts your kill.
Your Maces & Flails skill increases to level 22!
Your Dodging skill increases to level 8!
The jackal skeleton bites you but does no damage.
There is an open door to the Dungeon, spattered with blood here.
You see here a sapphire shortbow {god gift}.
You thrash the jackal skeleton!! You burn the jackal skeleton.
You destroy the jackal skeleton!
Trog accepts your kill. The stone giant hits you!!
* * * LOW HITPOINT WARNING * * *
Things that are here:
a shortbow; 10 arrows; a scimitar of flaming You hit the stone giant.
You burn the stone giant.
The stone giant is lightly wounded.
The stone giant hits you!
You die...

▓▓▓▓▓▓▓▓▓▓▓▓▓▓▓▓▓▓▓▓▓▓▓▓
[.[[[..........)@CCCT5..
▓▓▓▓▓▓▓▓▓▓▓▓▓▓▓▓▓▓▓▓▓▓▓▓▓▓▓▓▓▓▓▓▓
.................................
▓▓▓▓▓▓▓▓▓▓▓▓▓▓▓▓▓▓▓▓▓▓▓▓▓▓▓▓▓▓▓▓▓
)......(..).))()).)∩.∩.∩)∩.....'.
▓▓▓▓▓▓▓▓▓▓▓▓▓▓▓▓▓▓▓▓▓▓▓▓▓▓▓▓▓▓▓▓▓
..............................)..
▓▓▓▓▓▓▓▓▓▓▓▓▓▓▓▓▓▓▓▓▓▓▓▓▓▓▓▓▓▓▓▓▓
....'.........†÷.......(.[.'..[[[


You could see 2 stone giants, an ettin, a deep troll earth mage and a shadow
imp.

Vanquished Creatures
  A fire dragon (D)
  A centaur warrior (D)
  A two-headed ogre (D)
  A death yak (D)
  5 orc knights (D)
  3 orc sorcerers (D)
  A black mamba (D)
  Maurice (D)
  3 spiny frogs (D)
  2 komodo dragons (D)
  A tengu conjurer (D)
  An efreet (D)
  A troll (D)
  A hornet (D)
  A hippogriff (D)
  Grum (D)
  A wyvern (D)
  A vampire mosquito (D)
  4 wargs (D)
  A hell hound (D)
  5 water moccasins (D)
  A porcupine (D)
  10 orc warriors (D)
  An ice beast (D)
  A sky beast (D)
  5 wolves (D)
  An ogre (D)
  An eye of draining (D)
  A big kobold (D)
  3 crocodiles (D)
  A bullfrog (D)
  A howler monkey (D)
  A jelly (D)
  3 orc priests (D)
  4 orc wizards (D)
  An iguana (D)
  A worker ant (D)
  An ooze (D)
  An adder skeleton (D)
  14 orcs (D)
  A bat skeleton (D)
  2 giant cockroaches (D)
  A jackal (D)
  2 quokkas (D)
  A jackal skeleton (D)
  A kobold (D)
  A leopard gecko skeleton (D)
98 creatures vanquished.

Notes
Turn   | Place    | Note
-------+----------+-------------------------------------------
     0 | D        | wojtek the Minotaur Fighter began the quest for the Orb.
     0 | D        | Reached XP level 1. HP: 19/19 MP: 0/0
     4 | D        | Reached skill level 3 in Maces & Flails
    12 | D        | Reached skill level 4 in Maces & Flails
    12 | D        | Reached XP level 2. HP: 24/27 MP: 1/1
    52 | D        | Reached skill level 5 in Fighting
    52 | D        | Reached skill level 6 in Maces & Flails
    52 | D        | Reached skill level 5 in Armour
    52 | D        | Reached XP level 3. HP: 25/36 MP: 2/2
    54 | D        | Reached skill level 7 in Maces & Flails
    64 | D        | Reached XP level 4. HP: 12/44 MP: 3/3
    84 | D        | Found a roughly hewn altar of Beogh.
    84 | D        | Found a snail-covered altar of Cheibriados.
    84 | D        | Found a shadowy altar of Dithmenos.
    84 | D        | Found a white marble altar of Elyvilon.
    84 | D        | Found a blossoming altar of Fedhas.
    84 | D        | Found an opulent altar of Gozag.
    85 | D        | Found a hazy altar of Hepliaklqana.
    86 | D        | Found a viscous altar of Jiyva.
    87 | D        | Found an ancient bone altar of Kikubaaqudgha.
    88 | D        | Found a corrupted altar of Lugonu.
    89 | D        | Found a burning altar of Makhleb.
    90 | D        | Found a sparkling altar of Nemelex Xobeh.
    91 | D        | Found an iron altar of Okawaru.
    92 | D        | Found a stormy altar of Qazlal.
    93 | D        | Found a sacrificial altar of Ru.
    94 | D        | Found a deep blue altar of Sif Muna.
    95 | D        | Found a bloodstained altar of Trog.
    96 | D        | Found a hide-covered altar of Uskayaw.
    97 | D        | Found a radiant altar of Vehumet.
    99 | D        | Found a shimmering altar of Xom.
   100 | D        | Found a basalt altar of Yredelemnul.
   101 | D        | Found a glowing silver altar of Zin.
   102 | D        | Found a glowing golden altar of the Shining One.
   105 | D        | Became a worshipper of Trog the Wrathful
   289 | D        | Noticed a big kobold
   289 | D        | Noticed an ice beast
   289 | D        | Noticed a two-headed ogre
   289 | D        | Noticed a wyvern
   294 | D        | Killed a big kobold
   294 | D        | Reached * piety under Trog
   294 | D        | Reached skill level 9 in Maces & Flails
   294 | D        | Reached XP level 5. HP: 52/52 MP: 4/4
   296 | D        | Killed an ice beast
   296 | D        | Reached skill level 10 in Maces & Flails
   300 | D        | Killed a two-headed ogre
   300 | D        | Reached skill level 10 in Fighting
   300 | D        | Reached skill level 13 in Maces & Flails
   300 | D        | Reached skill level 10 in Armour
   300 | D        | Reached XP level 6. HP: 15/67 MP: 5/5
   300 | D        | Reached XP level 7. HP: 16/73 MP: 6/6
   302 | D        | Killed a wyvern
   302 | D        | Reached ** piety under Trog
   302 | D        | Reached skill level 14 in Maces & Flails
   302 | D        | Reached XP level 8. HP: 18/81 MP: 7/7
   574 | D        | Noticed a hornet
   587 | D        | Killed a hornet
   587 | D        | Reached *** piety under Trog
   587 | D        | Reached skill level 15 in Maces & Flails
   735 | D        | Noticed a spiny frog
   735 | D        | Noticed a spiny frog
   735 | D        | Noticed a black mamba
   735 | D        | Noticed a hippogriff
   738 | D        | Noticed a komodo dragon
   738 | D        | Killed a spiny frog
   746 | D        | Killed a spiny frog
   746 | D        | Reached skill level 16 in Maces & Flails
   746 | D        | Reached XP level 9. HP: 84/91 MP: 8/8
   747 | D        | Killed a black mamba
   747 | D        | Reached **** piety under Trog
   753 | D        | Reached skill level 17 in Maces & Flails
   766 | D        | Killed a komodo dragon
   780 | D        | Reached ***** piety under Trog
   841 | D        | Noticed a death yak
   845 | D        | Noticed a spiny frog
   850 | D        | Noticed a komodo dragon
   855 | D        | Killed a death yak
   855 | D        | Reached skill level 18 in Maces & Flails
   855 | D        | Reached XP level 10. HP: 68/102 MP: 9/9
   863 | D        | Received a gift from Trog
   867 | D        | Killed a spiny frog
   869 | D        | Reached skill level 19 in Maces & Flails
  1191 | D        | Reached ****** piety under Trog
  1199 | D        | Received a gift from Trog
  1221 | D        | Got the +3 leather armour of Charity {Dex+5}
  1275 | D        | Noticed Grum
  1291 | D        | Killed Grum
  1291 | D        | Reached skill level 1 in Dodging
  1369 | D        | Noticed an orc knight
  1398 | D        | Received a gift from Trog
  1398 | D        | Reached skill level 15 in Armour
  1405 | D        | Killed an orc knight
  1405 | D        | Reached skill level 15 in Fighting
  1629 | D        | Reached skill level 20 in Maces & Flails
  1682 | D        | Noticed an orc knight
  1717 | D        | Received a gift from Trog
  1723 | D        | Killed an orc knight
  1848 | D        | Reached XP level 11. HP: 71/113 MP: 10/10
  2041 | D        | Found Orhawn's Weapon Emporium.
  2041 | D        | Noticed an orc knight
  2044 | D        | Noticed an orc sorcerer
  2047 | D        | Killed an orc knight
  2047 | D        | Received a gift from Trog
  2047 | D        | Reached skill level 5 in Dodging
  2096 | D        | Received a gift from Trog
  2104 | D        | Killed an orc sorcerer
  2287 | D        | Noticed an orc sorcerer
  2287 | D        | Paralysed by an orc sorcerer for 2 turns
  2319 | D        | Killed an orc sorcerer
  2319 | D        | Received a gift from Trog
  2349 | D        | Found Zof Fups's Gadget Shoppe.
  2353 | D        | Found Uvves's Magic Scroll Emporium.
  2357 | D        | Found Joozuperch's Armour Shoppe.
  2359 | D        | Noticed an orc knight
  2376 | D        | Noticed an orc sorcerer
  2380 | D        | Noticed an orc knight
  2383 | D        | Killed an orc knight
  2383 | D        | Reached skill level 21 in Maces & Flails
  2405 | D        | Killed an orc sorcerer
  2415 | D        | Killed an orc knight
  2707 | D        | Bought a wand of disintegration (16/24) for 220 gold pieces
  2709 | D        | Bought a scroll of blinking for 97 gold pieces
  2719 | D        | Bought a +0 pair of boots for 45 gold pieces
  2719 | D        | Bought a +0 pair of gloves for 45 gold pieces
  2760 | D        | Noticed Maurice
  2780 | D        | Killed Maurice
  2780 | D        | Received a gift from Trog
  2781 | D        | Got a dazzling great sword {god gift}
  3047 | D        | Noticed a centaur warrior
  3059 | D        | Noticed a fire dragon
  3071 | D        | Noticed a stone giant
  3075 | D        | Noticed an ettin
  3077 | D        | Killed a centaur warrior
  3077 | D        | Received a gift from Trog
  3078 | D        | Noticed a stone giant
  3082 | D        | Noticed a deep troll earth mage
  3095 | D        | Killed a fire dragon
  3095 | D        | Reached skill level 22 in Maces & Flails
  3098 | D        | HP: 1/116 [stone giant (23)]
  3099 | D        | Mangled by a stone giant

Skill      XL: |  1  2  3  4  5  6  7  8  9 10 11 |
---------------+----------------------------------+-----
Maces & Flails | 4 6 7 9 13 14 16 18 20 22 | 22.0
Armour         | 4 5 6 7 10 11 12 14 15 16 | 16.6
Fighting       | 4 5 6 7 10 12 13 15 16 | 16.6
Dodging        | 4 8 |  8.0
Shields        | |  3.6

Action                   |  1- 3 |  4- 6 |  7- 9 | 10-12 || total
-------------------------+-------+-------+-------+-------++-------
Melee: Flail             |    33 |     1 |       |    29 ||    63
       Headbutt          |     8 |     1 |    16 |    63 ||    88
       Morningstar       |       |    11 |    78 |    72 ||   161
       Dire flail        |       |       |       |    61 ||    61
       Great mace        |       |       |       |    32 ||    32
       Demon whip        |       |       |       |    48 ||    48
  Eat: Chunk             |       |       |       |     6 ||     6
       Meat ration       |       |       |       |     1 ||     1
Armor: Scale mail        |    18 |       |       |       ||    18
       Chain mail        |       |     2 |    32 |    25 ||    59
       Plate armour      |       |       |       |    28 ||    28
       Storm dragon scal |       |       |       |    16 ||    16
Dodge: Dodged            |     7 |     2 |    12 |    67 ||    88
Block: Shield            |     8 |     1 |    23 |     5 ||    37
